[Event "Catalan University-ch 2024"]
[Site "Barcelona"]
[Date "2024.02.24"]
[Round "4.2"]
[White "Garcia Escoda, Marc"]
[Black "Gomez Navais, Marcal"]
[Result "1-0"]
[ECO "B51"]
[WhiteElo "2074"]
[BlackElo "2081"]
[Annotator "NA"]
[PlyCount "97"]
[EventDate "2024.02.24"]
[EventCountry "ESP"]
[SourceTitle "playchess.com"]
[Source "ChessBase"]
[SourceQuality "1"]
[TimeControl "600+2"]

1. e4 c5 2. Nf3 d6 3. Bb5+ Nd7 4. d4 cxd4 5. Qxd4 a6 6. Be2 e5 7. Qe3 Ngf6 8. O-O Be7 9. c4 O-O 10. Nc3 Nc5 11. Nd2 Ne6 12. b3 Nd4 13. Rb1 Bd7 14. Bb2 Rb8 15. Nd5 Nxd5 16. cxd5 Bg5 17. Qd3 Bxd2 18. Bxd4 Bg5 19. Be3 f5 20. Bxg5 Qxg5 21. Rbc1 fxe4 22. Qxe4 Bf5 23. Qe3 Qxe3 24. fxe3 Be4 25. Bf3 Bd3 26. Rfd1 e4 27. Bg4 Rf6 28. Rc8+ Rxc8 29. Bxc8 b6 30. Rc1 g6 31. h3 Kg7 32. Be6 Rf8 33. a3 Kh6 34. b4 a5 35. Rc6 axb4 36. axb4 Rf1+ 37. Kh2 Re1 38. Rxd6 b5 39. Ra6 Bc4 40. Ra3 Rd1 41. Kg3 Bxd5 42. Bxd5 Rxd5 43. Kf4 Rd2 44. Ra5 Rxg2 45. Rxb5 Rh2 46. Kg3 Re2 47. Kf4 Rh2 48. Kg3 Re2 49. Kf4 1-0

[Event "Catalan University-ch 2024"]
[Site "Barcelona"]
[Date "2024.02.24"]
[Round "4.3"]
[White "Travesset Sagre, Jan"]
[Black "Marzo Pie, Xavier"]
[Result "1-0"]
[ECO "E33"]
[WhiteElo "2193"]
[BlackElo "2043"]
[Annotator "RC"]
[PlyCount "113"]
[EventDate "2024.02.24"]
[EventCountry "ESP"]
[SourceTitle "playchess.com"]
[Source "ChessBase"]
[SourceQuality "1"]
[TimeControl "600+2"]

1. d4 Nf6 2. c4 e6 3. Nc3 Bb4 4. Qc2 Nc6 5. Nf3 d6 6. Bd2 O-O 7. a3 Bxc3 8. Bxc3 Qe7 9. e3 a5 10. b3 e5 11. dxe5 dxe5 12. Be2 Bg4 13. O-O Rfe8 14. Bb2 Bh5 15. Rad1 Bg6 16. Qc1 Ne4 17. Nd2 Nc5 18. f3 Rad8 19. e4 Qg5 20. Qc3 Nd4 21. Rfe1 Nxe2+ 22. Rxe2 Rd3 23. Qc2 Red8 24. Bc1 Ne6 25. Nf1 Rxd1 26. Bxg5 Nxg5 27. Kf2 R1d3 28. Rd2 Rxd2+ 29. Nxd2 Ne6 30. Qc3 b6 31. b4 axb4 32. axb4 f6 33. Nb3 Bf7 34. c5 b5 35. c6 Nd4 36. Na5 Rd6 37. Qc5 Be8 38. f4 exf4 39. e5 fxe5 40. Qxe5 Ne6 41. Qxb5 Rd2+ 42. Kf1 Bg6 43. Qb8+ Kf7 44. Nb7 Bd3+ 45. Ke1 Re2+ 46. Kd1 Rxg2 47. Nd8+ Nxd8 48. Qxd8 Be2+ 49. Ke1 f3 50. Qxc7+ Kg6 51. Qb6 Kh5 52. c7 Bc4 53. Qc5+ Kg4 54. Qxc4+ Kh3 55. c8=Q+ Kxh2 56. Qh4+ Kg1 57. Qc5+ 1-0

[Event "Catalan University-ch 2024"]
[Site "Barcelona"]
[Date "2024.02.24"]
[Round "4.4"]
[White "Martinez Lopez, Carlos"]
[Black "Castillo Dalmau, Albert"]
[Result "0-1"]
[ECO "B42"]
[WhiteElo "2006"]
[BlackElo "2313"]
[Annotator "RC"]
[PlyCount "90"]
[EventDate "2024.02.24"]
[EventCountry "ESP"]
[SourceTitle "playchess.com"]
[Source "ChessBase"]
[SourceQuality "1"]
[TimeControl "600+2"]

1. e4 b6 2. d4 Bb7 3. Bd3 e6 4. Nf3 c5 5. Qe2 cxd4 6. Nxd4 a6 7. O-O d6 8. c4 Nd7 9. Nc3 Ngf6 10. Bg5 h6 11. Bh4 g5 12. Bg3 Ne5 13. Rad1 Qc7 14. b3 Be7 15. Kh1 h5 16. f3 h4 17. Bf2 Nh5 18. Be3 Bf6 19. Qd2 Rg8 20. Nde2 Nxd3 21. Qxd3 Be5 22. Na4 b5 23. cxb5 axb5 24. Qxb5+ Bc6 25. Qc4 Qb7 26. Nec3 h3 27. g4 Nf4 28. Bxf4 Bxf4 29. Rfe1 Kf8 30. Qf1 Rh8 31. Nb2 Be5 32. Qd3 Kg7 33. Nc4 Bf4 34. Qd4+ e5 35. Qd3 Rhd8 36. Rb1 Qc7 37. Nd5 Bxd5 38. Qxd5 Qc5 39. Qxc5 dxc5 40. Red1 Rxd1+ 41. Rxd1 Rxa2 42. Rd5 Rxh2+ 43. Kg1 Rg2+ 44. Kf1 Ra2 45. Rxc5 h2 0-1

[Event "Catalan University-ch 2024"]
[Site "Barcelona"]
[Date "2024.02.24"]
[Round "4.5"]
[White "Alfonso Pellisa, Aaron"]
[Black "Marabajan Navas, Saul"]
[Result "1-0"]
[ECO "B24"]
[WhiteElo "2090"]
[BlackElo "2036"]
[Annotator "NA"]
[PlyCount "73"]
[EventDate "2024.02.24"]
[EventCountry "ESP"]
[SourceTitle "playchess.com"]
[Source "ChessBase"]
[SourceQuality "1"]
[TimeControl "600+2"]

1. e4 c5 2. Nc3 Nc6 3. g3 Rb8 4. Bg2 b5 5. d3 b4 6. Nce2 g6 7. Be3 d6 8. d4 Qb6 9. Nf3 Bg7 10. e5 dxe5 11. dxc5 Qc7 12. O-O Nf6 13. Nd2 Ba6 14. Re1 Rd8 15. Qc1 Nd4 16. Bxd4 exd4 17. Nb3 Bxe2 18. Rxe2 O-O 19. Qe1 e6 20. Qxb4 Nd5 21. Qa5 Qb8 22. c6 Nb6 23. Rd1 e5 24. Qa6 f5 25. a4 Kh8 26. a5 Nd5 27. Nc5 Qxb2 28. Ne6 Nc3 29. Rde1 Nxe2+ 30. Qxe2 e4 31. Nxd8 Rxd8 32. Qc4 d3 33. c7 Rc8 34. cxd3 Qd2 35. Rb1 Qxa5 36. Rb8 Qa1+ 37. Bf1 1-0

[Event "Catalan University-ch 2024"]
[Site "Barcelona"]
[Date "2024.02.24"]
[Round "4.6"]
[White "Roca Planas, Edgar"]
[Black "Pueyo Amoros, Pau"]
[Result "1/2-1/2"]
[ECO "B38"]
[WhiteElo "2248"]
[BlackElo "1858"]
[Annotator "TA"]
[PlyCount "185"]
[EventDate "2024.02.24"]
[EventCountry "ESP"]
[SourceTitle "playchess.com"]
[Source "ChessBase"]
[SourceQuality "1"]
[TimeControl "600+2"]

1. e4 c5 2. Nf3 d6 3. d4 cxd4 4. Nxd4 a6 5. c4 Nf6 6. Nc3 Nc6 7. Be2 g6 8. Be3 Bg7 9. O-O O-O 10. Nxc6 bxc6 11. c5 dxc5 (11... d5 $11) 12. Qxd8 (12. Qc2 $16) 12... Rxd8 $14 13. Bxc5 e5 (13... Be6 $14) 14. Rfd1 $16 Be6 15. Rxd8+ Rxd8 16. Bxa6 Rd2 (16... Bf8 $142 17. Bxf8 Kxf8) 17. Rd1 $2 (17. Rb1 $1 $16) 17... Rxd1+ $1 $11 18. Nxd1 Nxe4 (18... Bxa2 19. Nc3 Be6 20. Bd6 $15) 19. Be3 (19. Ba3 $11) 19... Bxa2 $15 20. f3 (20. Bb7 $15) 20... Nf6 21. Bb7 Bd5 (21... Bb3 $1 $17 22. Nc3 Nd5) 22. Nc3 $11 Kf8 23. b4 {[%emt 0:00:01] Strongly threatening b5.} Ke8 24. b5 (24. Bg5 {simplifies} Kd7 25. Bxf6 Bxf6 26. Nxd5 cxd5 27. Bxd5 Be7 28. Bxf7 Bxb4 29. Bg8) 24... Kd7 25. Nxd5 cxd5 {[%emt 0:00:07][%mdl 4096] Endgame. KBB-KBN} 26. b6 (26. Bd2 $11) 26... Bf8 ({Better is} 26... Kd6 $1 $15 27. Bc8 d4) 27. Bg5 Ke6 28. Bc8+ Nd7 {[%emt 0:00:33] And now ...Bc5+ would win.} 29. b7 Bd6 30. Bd8 (30. f4 $11 {keeps the balance.}) 30... Bb8 $17 31. Kf2 Kd6 32. Ke2 (32. Ba5 $17 {might work better.}) 32... Nc5 $19 33. Bb6 {[%emt 0:00:40] [#]} Ne6 34. g3 Kc6 35. Be3 Nc5 $2 ({Black should play} 35... Nd8 $19 36. h4 Nxb7) 36. Bxc5 $15 Kxc5 {[%emt 0:00:02] KB-KB} 37. Ke3 Kc4 38. Bd7 Kc3 39. Bb5 (39. Ke2 $15) 39... f6 40. Ke2 d4 (40... f5 $15) 41. Bd3 $11 f5 42. h4 Kb4 43. h5 Kc5 {[%emt 0:00:16] next ...Kd5 is good for Black.} (43... gxh5 $6 44. Kd2 $16 (44. Bxf5 h6 $11)) 44. h6 Kd5 45. Bc2 Kc6 46. g4 (46. Bb3 $11) 46... Kxb7 (46... e4 $1 $17 {...d3+ is the strong threat.} 47. Bb3 d3+ (47... Kxb7 48. gxf5 d3+ 49. Ke3 $11) 48. Ke3 Ba7+ (48... Kxb7 49. fxe4 fxg4 50. Kxd3 $11) 49. Kd2 exf3 (49... Kxb7 50. gxf5 gxf5 51. fxe4 $11) 50. Kxd3 fxg4) 47. gxf5 gxf5 48. Bxf5 e4 49. Bxe4+ (49. fxe4 Bf4) 49... Kb6 50. Bf5 Be5 51. Kd3 Kc5 (51... Bf4 52. Kxd4 (52. Bxh7 Kc5 $11) 52... Bxh6 53. Kd3) 52. Bxh7 {[%emt 0:00:02] Hoping for Ke4.} Bh8 (52... Bf4 $11) 53. Bf5 Bg7 $2 54. h7 $2 (54. hxg7 {mates} Kd5 55. g8=Q+ (55. g8=R Ke5 56. Rf8 Kd5 57. Re8 Kc5 58. Rc8+ Kb6 59. Kxd4 Kb5 60. Bd7+ Kb4) (55. Be4+ Kd6 56. g8=Q Kd7 57. Kxd4 Ke7 58. Qg7+ Kd6 59. Bb7 Ke6 60. Bc8+ Kd6 61. Qd7#) 55... Kd6 56. Kxd4 Kc7 57. Qg7+ Kb6 58. Kc4 (58. f4 Kb5 59. Qb7+ Ka4 60. Kc4 Ka5 61. Qb5#) 58... Ka6 59. Kc5 Ka5 60. Qa7#) 54... Kd5 55. Ke2 Ke5 56. Be4 Kf4 57. Kd3 Ke5 58. Kc4 (58. Kc2 $14) 58... Ke6 (58... Kf4 $11) 59. Kc5 (59. Bc2 $14 {is more appropriate.}) 59... Ke7 (59... Ke5 $11) 60. Kd5 $14 Kf7 (60... d3 $2 61. Bxd3 Kf7 62. Ke4 $16) 61. Bd3 Ke7 62. Ke4 Kd6 63. Kf5 Ke7 64. Kg6 Bh8 65. Be4 Ke6 66. Bd3 Ke7 67. Bc4 Kf8 68. f4 (68. Bd3 Ke7 $11) 68... Ke7 69. f5 (69. Bd3 $14 {was preferrable.}) 69... Kf8 $2 (69... Be5 $11) 70. f6 $18 Ke8 {[%emt 0:00:02] [#]} 71. Bb5+ $1 Kf8 72. Bc4 (72. Bd3 Ke8 73. Bb5+ Kf8 $18) 72... Ke8 73. Kf5 Kf8 74. Bg8 Ke8 75. Be6 Kf8 76. Bd7 $2 (76. Bc4 $18) 76... Kf7 $1 $11 (76... d3 $2 77. Kg6 $18) 77. Be6+ $2 (77. Bb5 $1 $11) 77... Kf8 $18 78. Bc4 Ke8 79. Bd3 $2 (79. Ke5 $18) 79... Kf7 $11 80. Bc4+ $2 (80. Bc2 $11) 80... Kf8 $18 81. Ke5 Ke8 82. Bd3 $2 (82. Ke6 $18) 82... Kf8 $2 (82... Kf7 $11) 83. Bg6 ({Weaker is} 83. Kxd4 Bxf6+ 84. Ke4 Ke7 $11 (84... Bh8 85. Kf3 $11)) ({Less strong is} 83. Ke6 Ke8 84. Bf5 d3 85. Bg6+ (85. Bxd3 Kf8 $18) 85... Kf8 86. Bxd3 Ke8 $16) 83... d3 84. Bxd3 $2 (84. Bh5 $18) 84... Kf7 $11 85. Bc4+ Kf8 $2 (85... Kg6 $11 {and Black is okay.}) 86. Kf5 $18 Ke8 87. Ke5 Kf8 88. Ke6 Ke8 89. Bd3 Kf8 90. Ke5 $2 (90. Be2 $18) 90... Ke8 91. Be4 {[%emt 0:00:02] Ke6 would now be deadly.} (91. Be2 $5 Kf7 $8 92. Bh5+ Kf8 93. Kf5 $14) 91... Kf8 $2 (91... Kf7 $1 $11 {and Black has nothing to worry.}) 92. Bg6 $2 ({White should try} 92. Ke6 $18) 92... Bxf6+ $11 93. Kxf6 {[%emt 0:00:02] Both players deserved the win here.   Weighted Error Value: White=0.34/Black=0.35.  Loses game:     	---       	Black=5      Missed win:     	White=7     	Black=1      Mistake:       	White=14    	Black=10     Inaccurate:     	White=1     	Black=2      OK:         	White=22    	Black=23     Best:        	White=2     	Black=14     Strong:       	White=1     	Black=2} 1/2-1/2

[Event "Catalan University-ch 2024"]
[Site "Barcelona"]
[Date "2024.02.24"]
[Round "4.7"]
[White "Sole Pijuan, Ferran"]
[Black "Espelt Granes, Esteve"]
[Result "1-0"]
[ECO "A84"]
[WhiteElo "2136"]
[BlackElo "1934"]
[Annotator "NA RC"]
[PlyCount "39"]
[EventDate "2024.02.24"]
[EventCountry "ESP"]
[SourceTitle "playchess.com"]
[Source "ChessBase"]
[SourceQuality "1"]
[TimeControl "600+2"]

1. d4 e6 2. c4 f5 3. Nf3 Nf6 4. Bf4 b6 5. e3 Bb7 6. a3 a5 7. h4 d6 8. h5 Nbd7 9. Nc3 Be7 10. Ng5 Nf8 11. Be2 Ne4 12. Ngxe4 fxe4 13. Qc2 Bg5 14. Bg3 Nd7 15. Nxe4 Bh6 16. Bh4 Qc8 17. Bg4 Nf8 18. d5 a4 19. Nc3 Qd7 20. Nb5 1-0

[Event "Catalan University-ch 2024"]
[Site "Barcelona"]
[Date "2024.02.24"]
[Round "4.8"]
[White "Ruiz Lupon, Neri"]
[Black "Sayrol Clols, Josep Maria"]
[Result "1-0"]
[ECO "B25"]
[WhiteElo "1968"]
[BlackElo "1991"]
[Annotator "NA"]
[PlyCount "78"]
[EventDate "2024.02.24"]
[EventCountry "ESP"]
[SourceTitle "playchess.com"]
[Source "ChessBase"]
[SourceQuality "1"]
[TimeControl "600+2"]

1. e4 c5 2. Nc3 Nc6 3. g3 g6 4. Bg2 Bg7 5. d3 d6 6. Nge2 Nf6 7. O-O O-O 8. f4 Nd4 9. h3 a6 10. g4 Rb8 11. Ng3 b5 12. g5 Ne8 13. Nd5 e6 14. Ne3 Bb7 15. c3 Nc6 16. Ng4 f5 17. gxf6 Nxf6 18. Qb3 d5 19. Nxf6+ Bxf6 20. exd5 Na5 21. Qa3 b4 22. cxb4 cxb4 23. Qa4 Bxd5 24. Ne4 Bd4+ 25. Kh1 Bc6 26. Qd1 Qh4 27. Qg4 Qxg4 28. hxg4 Kg7 29. Rb1 b3 30. a3 Bd5 31. Bd2 Bb6 32. Bc3+ Kf7 33. Ng5+ Kg8 34. Rbe1 Rbe8 35. Ne4 Bxe4 36. dxe4 Nc6 37. Rd1 Rd8 38. e5 Nd4 39. Bb7 Nc2 1-0

[Event "Catalan University-ch 2024"]
[Site "Barcelona"]
[Date "2024.02.24"]
[Round "4.9"]
[White "Catala Ulied, Guillem"]
[Black "Masalias Mira, Marc"]
[Result "0-1"]
[ECO "B38"]
[WhiteElo "1892"]
[BlackElo "1826"]
[Annotator "NA RC"]
[PlyCount "70"]
[EventDate "2024.02.24"]
[EventCountry "ESP"]
[SourceTitle "playchess.com"]
[Source "ChessBase"]
[SourceQuality "1"]
[TimeControl "600+2"]

1. e4 c5 2. Nf3 Nc6 3. c4 d6 4. d4 cxd4 5. Nxd4 Nf6 6. Nc3 g6 7. Be2 Bg7 8. Be3 O-O 9. f3 Qb6 10. Na4 Qa5+ 11. Nc3 Nxd4 12. Bxd4 Be6 13. O-O Rac8 14. b3 a6 15. Rc1 Nd7 16. Bxg7 Kxg7 17. f4 Qc5+ 18. Kh1 Rfd8 19. Qd3 f5 20. Na4 Qc7 21. Bf3 b5 22. Qc3+ Kg8 23. cxb5 Qb8 24. Qe3 axb5 25. Nc3 fxe4 26. Bxe4 Bf7 27. f5 Ne5 28. Nd5 Rxc1 29. Rxc1 Bxd5 30. Bxd5+ Kg7 31. fxg6 hxg6 32. Qg5 Qa7 33. h3 Rf8 34. b4 Rf5 35. Qe3 Qxe3 0-1

[Event "Catalan University-ch 2024"]
[Site "Barcelona"]
[Date "2024.02.24"]
[Round "4.10"]
[White "Marti Olivella, Gerard"]
[Black "De Lomas Busquets, Alba"]
[Result "0-1"]
[ECO "B23"]
[WhiteElo "1869"]
[BlackElo "1883"]
[Annotator "NA RC"]
[PlyCount "78"]
[EventDate "2024.02.24"]
[EventCountry "ESP"]
[SourceTitle "playchess.com"]
[Source "ChessBase"]
[SourceQuality "1"]
[TimeControl "600+2"]

1. e4 c5 2. Nc3 Nc6 3. f4 e6 4. Nf3 d5 5. Bb5 a6 6. Bxc6+ bxc6 7. d3 a5 8. O-O Ba6 9. Kh1 c4 10. d4 Be7 11. Qe1 Nf6 12. e5 Nd7 13. Ne2 c5 14. c3 cxd4 15. Nexd4 Qc7 16. Qg3 g6 17. Be3 Nc5 18. f5 Ne4 19. Qg4 gxf5 20. Qg7 Rf8 21. Qxh7 O-O-O 22. Rfc1 Bc5 23. Qh4 Rh8 24. Qe1 Bb7 25. Bf4 Qe7 26. b3 Rdg8 27. bxc4 dxc4 28. Qe2 Bd5 29. Rab1 Rh7 30. Qb2 Qc7 31. Qb5 Rgh8 32. Qa6+ Bb7 33. Qxc4 Nf2+ 34. Kg1 Bxf3 35. gxf3 Nh3+ 36. Kf1 Nxf4 37. Nb5 Rxh2 38. Nxc7 Rf2+ 39. Ke1 Rh1+ 0-1

[Event "Catalan University-ch 2024"]
[Site "Barcelona"]
[Date "2024.02.24"]
[Round "5.1"]
[White "Travesset Sagre, Jan"]
[Black "Adan Bermudez, Sergio"]
[Result "0-1"]
[ECO "B06"]
[WhiteElo "2193"]
[BlackElo "2299"]
[Annotator "TA"]
[PlyCount "120"]
[EventDate "2024.02.24"]
[EventCountry "ESP"]
[SourceTitle "playchess.com"]
[Source "ChessBase"]
[SourceQuality "1"]
[TimeControl "600+2"]

1. d4 d6 2. Nf3 g6 3. e4 Bg7 4. Bc4 a6 5. a4 Nc6 6. O-O e6 7. c3 d5 8. Bd3 {[%emt 0:00:11] White is better.} Nge7 9. e5 h6 10. Be3 (10. b4 $16) 10... Nf5 $14 11. Nbd2 O-O 12. Qe2 (12. a5 $16) 12... Nce7 (12... a5 $11) 13. h3 Nxe3 14. Qxe3 Nf5 15. Qe2 Bd7 (15... a5 $14) 16. g4 ({Better is} 16. a5 $16) 16... Nh4 17. Nxh4 Qxh4 18. Kg2 f5 19. exf6 Qxf6 20. f4 a5 (20... Rf7 $14) 21. Nf3 $1 $16 Be8 22. Ne5 g5 $2 (22... c5 $16) 23. fxg5 $18 Qxg5 24. Nf3 (24. h4 $18 Qe7 (24... Qxh4 $2 {loses.} 25. Ng6 $18) 25. Rxf8+ Qxf8 26. Rf1) 24... Qe7 $16 25. Rae1 Bxa4 26. Bb1 (26. Qxe6+ Qxe6 27. Rxe6 Rfe8 $14) 26... Bf6 {[%emt 0:00:46] Dodges Nh4} 27. Qd3 (27. Qe3 $16) 27... Qg7 (27... Bd7 $11) 28. Rxe6 $14 {[%emt 0:00:02][%cal Of3h4] Nh4! would now be deadly.} Bd7 29. Re3 Rae8 30. Rxe8 Rxe8 31. Re1 ({White should try} 31. Rf2 $14) 31... Rxe1 $15 32. Nxe1 a4 (32... h5 {with more complications.} 33. Qf3 hxg4 34. Qxd5+ Kf8) 33. Qf3 c6 34. Bd3 Bh4 35. Nc2 h5 36. Bf5 hxg4 37. hxg4 Be8 38. Ne3 Qe7 {[%emt 0:00:05] Prevents Be6+} 39. Nf1 Qe1 40. Bd3 Qe6 41. Kh3 Bg5 42. Bf5 Qe1 43. Ng3 Bf7 (43... Qe3 $15 44. Qxe3 Bxe3) 44. Ne2 $2 (44. Bh7+ $11 Kg7 45. Bc2) 44... Qd2 $19 45. Bd3 (45. Bb1 $142) 45... Qe3 $2 ({Black should play} 45... Qxb2 $19 46. Ng3 Qd2 (46... Qxc3 $2 {perishes.} 47. Bh7+ Kxh7 48. Qxc3 $18)) 46. Qxe3 $11 Bxe3 {[%emt 0:00:01][%mdl 4096] Endgame. KBB-KBN} 47. Bc2 b5 48. Kg3 Kg7 49. Bf5 Be8 $1 {[%emt 0:00:00] Prevents Bd7.} 50. Kf3 Bd2 51. Bc8 Kf6 52. Kg3 Ke7 53. Kf3 (53. Bf5 $1 $15 {is more appropriate.}) 53... Bg6 $17 54. Bf5 Bxf5 55. gxf5 {[%emt 0:00:00] KB-KN} Kf6 56. Kg4 {[%emt 0:00:01] [#]} Be3 $1 {[%emt 0:00:00] Strongly threatening ...Bd2.} 57. Kf3 Bh6 58. Kg4 (58. Nf4 $17) 58... Bd2 $19 {[%emt 0:00:00] Black is clearly winning.} 59. Nf4 Bc1 60. Nd3 {[%emt 0:00:02] [#]} Bxb2 $1 {[%emt 0:00:00][%mdl 512] A wild game.   Weighted Error Value: White=0.38/Black=0.23 (precise) .  Loses game:     	White=2     	Black=1      Missed win:     	---       	Black=1      Mistake:       	White=8     	Black=5      Inaccurate:     	White=5     	Black=5      OK:         	White=12    	Black=17     Best:        	White=3     	Black=3      Strong:       	White=1     	Black=2} 0-1

[Event "Catalan University-ch 2024"]
[Site "Barcelona"]
[Date "2024.02.24"]
[Round "5.2"]
[White "Castillo Dalmau, Albert"]
[Black "Garcia Escoda, Marc"]
[Result "1-0"]
[ECO "A34"]
[WhiteElo "2313"]
[BlackElo "2074"]
[Annotator "TA"]
[PlyCount "47"]
[EventDate "2024.02.24"]
[EventCountry "ESP"]
[SourceTitle "playchess.com"]
[Source "ChessBase"]
[SourceQuality "1"]
[TimeControl "600+2"]

1. Nf3 c5 2. c4 Nf6 3. g3 d5 4. cxd5 Nxd5 5. Bg2 Nc6 6. O-O e5 7. Nc3 Nc7 8. a3 f6 9. d3 Be7 10. Be3 Bd7 11. Ne4 b6 {[%emt 0:00:17] [#]} 12. b4 $1 {[%emt 0:00:20] Die Stellung ist ausgeglichen.} cxb4 13. axb4 Nxb4 14. d4 exd4 15. Nxd4 {[%emt 0:00:10][%cal Bf3d4,Bd4e6,Be6f4][%mdl 32] Droht Bf4 und aus.} O-O 16. Qb3+ Kh8 17. Nc3 {[%emt 0:00:02][%cal Of1d1] Verhindert Ncd5. Und Rfd1! würde nun gewinnen. Weiß steht deutlich aktiver.} a5 $1 18. Bxa8 Qxa8 19. Rfc1 Nca6 (19... Ncd5 $14) 20. Ne6 $16 Rb8 21. Nf4 {[%emt 0:00:09] Qf7 wäre nun fies.} Bc5 22. Bxc5 Nxc5 23. Qf7 Be8 $2 {[%emt 0:00:03][%mdl 8192] [#]} (23... Rb7 $16) 24. Qf8# {[%emt 0:04:13] Nach der Eröffnung ein Spiel auf ein Tor.   Gewichteter Fehlerwert: Weiß=0.12 (sehr präzise) /Schwarz=0.61.  Verlustzug:     	---       	Schwarz=1     Fehler:       	---       	Schwarz=1     Ungenau:       	Weiß=1     	Schwarz=3     OK:         	Weiß=6     	Schwarz=3     Bester:       	Weiß=1     	Schwarz=1     Stark:        	---       	Schwarz=1} 1-0

[Event "Catalan University-ch 2024"]
[Site "Barcelona"]
[Date "2024.02.24"]
[Round "5.3"]
[White "Gomez Navais, Marcal"]
[Black "Alfonso Pellisa, Aaron"]
[Result "0-1"]
[ECO "C45"]
[WhiteElo "2081"]
[BlackElo "2090"]
[Annotator "NA RC"]
[PlyCount "104"]
[EventDate "2024.02.24"]
[EventCountry "ESP"]
[SourceTitle "playchess.com"]
[Source "ChessBase"]
[SourceQuality "1"]
[TimeControl "600+2"]

1. e4 e5 2. Nf3 Nc6 3. d4 exd4 4. Nxd4 Nf6 5. Nxc6 bxc6 6. e5 Qe7 7. Qe2 Nd5 8. h4 d6 9. c4 Nb6 10. exd6 Qxe2+ 11. Bxe2 cxd6 12. b3 d5 13. cxd5 Bb4+ 14. Bd2 Bxd2+ 15. Nxd2 cxd5 16. Nf3 O-O 17. Nd4 Re8 18. O-O-O Bd7 19. Bf3 a5 20. a4 Rec8+ 21. Kb2 Rab8 22. Ka2 Bxa4 23. bxa4 Nxa4 24. Rc1 Nc3+ 25. Ka1 Rc4 26. Bd1 a4 27. Nc2 Rb3 28. Re1 g6 29. g3 d4 30. Be2 Nxe2 31. Rxe2 d3 32. Rd2 Rcc3 33. Ka2 dxc2 34. Rcxc2 Ra3+ 35. Kb1 Rcb3+ 36. Rb2 Rxb2+ 37. Rxb2 Rf3 38. Ra2 a3 39. Kc1 f6 40. Kd1 g5 41. hxg5 fxg5 42. Ke2 Rb3 43. Kf1 Kf7 44. Kg2 g4 45. Rc2 Rb2 46. Rc7+ Kg6 47. Ra7 a2 48. Ra4 Kf5 49. Ra5+ Ke4 50. Ra4+ Kd3 51. Ra3+ Kc2 52. f4 Kb1+ 0-1

[Event "Catalan University-ch 2024"]
[Site "Barcelona"]
[Date "2024.02.24"]
[Round "5.4"]
[White "Martinez Gamiz, Marc"]
[Black "Roca Planas, Edgar"]
[Result "0-1"]
[ECO "B12"]
[WhiteElo "1871"]
[BlackElo "2248"]
[Annotator "RC"]
[PlyCount "64"]
[EventDate "2024.02.24"]
[EventCountry "ESP"]
[SourceTitle "playchess.com"]
[Source "ChessBase"]
[SourceQuality "1"]
[TimeControl "600+2"]

1. e4 c6 2. d4 d5 3. e5 Bf5 4. c3 e6 5. Nf3 Nd7 6. Be2 a5 7. O-O a4 8. Be3 f6 9. exf6 Qxf6 10. Re1 Bd6 11. Bd3 Bg4 12. Nbd2 Ne7 13. Qc2 h6 14. h3 Bh5 15. b3 a3 16. g4 Bg6 17. Bxg6+ Nxg6 18. c4 O-O 19. Kf1 Nf4 20. Bxf4 Bxf4 21. Re2 Bxd2 22. Nxd2 Qxd4 23. Rd1 Qb2 24. Nb1 Qxc2 25. Rxc2 Rf3 26. Kg2 Raf8 27. cxd5 exd5 28. Nxa3 Ne5 29. Re2 Ng6 30. Rdd2 Rc3 31. Kh2 Rff3 32. Nb1 Rxh3+ 0-1

[Event "Catalan University-ch 2024"]
[Site "Barcelona"]
[Date "2024.02.24"]
[Round "5.5"]
[White "Gonzalez Diaz, Penelope"]
[Black "Sole Pijuan, Ferran"]
[Result "0-1"]
[ECO "D02"]
[WhiteElo "1893"]
[BlackElo "2136"]
[Annotator "RC"]
[PlyCount "122"]
[EventDate "2024.02.24"]
[EventCountry "ESP"]
[SourceTitle "playchess.com"]
[Source "ChessBase"]
[SourceQuality "1"]
[TimeControl "600+2"]

1. d4 d5 2. Nf3 Nf6 3. Bf4 e6 4. e3 Bd6 5. Ne5 O-O 6. Bd3 c5 7. c3 Qc7 8. Bg3 Nc6 9. f4 Ne7 10. Nd2 Nf5 11. Qf3 Be7 12. O-O b6 13. h3 Bb7 14. Bh2 Nd6 15. f5 Nfe4 16. Bxe4 dxe4 17. Qh5 exf5 18. Rac1 Qd8 19. Ndc4 Nxc4 20. Nxc4 g6 21. Qe2 Ba6 22. Rfd1 cxd4 23. cxd4 Rc8 24. b3 Bg5 25. Qf2 Qd5 26. Nb2 Rc6 27. Bf4 Bxf4 28. Qxf4 Rfc8 29. Rxc6 Qxc6 30. Qf2 Qc2 31. Rd2 Qb1+ 32. Kh2 Qxa2 33. b4 Qd5 34. Qf4 Kg7 35. Kg3 Rc6 36. h4 Qd6 37. Qxd6 Rxd6 38. Rc2 Bb5 39. Rc7 Rd7 40. Rc3 Kf6 41. Kf4 h6 42. Nd1 g5+ 43. hxg5+ hxg5+ 44. Kg3 f4+ 45. exf4 Rxd4 46. fxg5+ Kxg5 47. Ne3 f5 48. Nf1 Bxf1 49. Kf2 Bc4 50. Re3 b5 51. g3 Rd2+ 52. Ke1 Rd3 53. Re2 Rxg3 54. Rd2 Rd3 55. Rg2+ Kf4 56. Rg7 Ra3 57. Rh7 Ra2 58. Rh3 Ke5 59. Rh5 a6 60. Rg5 Ra4 61. Rg6 Be6 0-1

[Event "Catalan University-ch 2024"]
[Site "Barcelona"]
[Date "2024.02.24"]
[Round "5.6"]
[White "Ros Alonso, Joana"]
[Black "Gonzalez Alonso, Marti"]
[Result "1/2-1/2"]
[ECO "C43"]
[WhiteElo "2033"]
[BlackElo "2012"]
[Annotator "NA RC"]
[PlyCount "43"]
[EventDate "2024.02.24"]
[EventCountry "ESP"]
[SourceTitle "playchess.com"]
[Source "ChessBase"]
[SourceQuality "1"]
[TimeControl "600+2"]

1. e4 e5 2. Nf3 Nf6 3. d4 Nxe4 4. Bd3 d5 5. Nxe5 Nd7 6. O-O Nxe5 7. dxe5 Bc5 8. Bxe4 dxe4 9. Qxd8+ Kxd8 10. Nc3 Bf5 11. Re1 Re8 12. Nxe4 Rxe5 13. Rd1+ Ke8 14. Nxc5 Rxc5 15. c3 Rd8 16. Be3 Ra5 17. Rxd8+ Kxd8 18. Rd1+ Ke8 19. a3 Be6 20. Bd4 g6 21. Bf6 Rd5 22. Rxd5 1/2-1/2

[Event "Catalan University-ch 2024"]
[Site "Barcelona"]
[Date "2024.02.24"]
[Round "5.7"]
[White "Dominguez Laguna, Eduard"]
[Black "Martinez Lopez, Carlos"]
[Result "0-1"]
[ECO "E24"]
[WhiteElo "1943"]
[BlackElo "2006"]
[Annotator "NA RC"]
[PlyCount "64"]
[EventDate "2024.02.24"]
[EventCountry "ESP"]
[SourceTitle "playchess.com"]
[Source "ChessBase"]
[SourceQuality "1"]
[TimeControl "600+2"]

1. d4 Nf6 2. c4 e6 3. Nc3 Bb4 4. a3 Bxc3+ 5. bxc3 b6 6. f3 Bb7 7. e4 d6 8. Bd3 Nc6 9. Ne2 O-O 10. O-O Nd7 11. Ng3 Na5 12. f4 Ba6 13. Qe2 c5 14. e5 cxd4 15. Qh5 f5 16. exf6 Nxf6 17. Qe2 dxc3 18. Qxe6+ Kh8 19. Nf5 Qd7 20. Qxd7 Nxd7 21. Nxd6 Nc5 22. Bc2 Rad8 23. Nf5 Bxc4 24. Re1 Nd3 25. Bxd3 Bxd3 26. Ne7 Nb3 27. Ra2 Nxc1 28. Rxc1 Rxf4 29. Nc6 Rdf8 30. h3 Rf1+ 31. Rxf1 Rxf1+ 32. Kh2 c2 0-1